 Dungeon Crawl Stone Soup version 0.32-a0-841-g4648e6c457 (webtiles) character file.

Game seed: 8718742915324749223

459 Fodor the Chopper (level 6, -1/55 HPs)
             Began as a Minotaur Fighter on Mar 26, 2024.
             Slain by a hound (5 damage)
             ... on level 6 of the Dungeon.
             The game lasted 00:07:20 (2804 turns).

Fodor the Chopper (Minotaur Fighter)                Turns: 2804, Time: 00:07:20

Health: -1/55      AC: 11    Str: 23    XL:     6   Next: 78%
Magic:  5/5        EV:  9    Int:  5    God:
Gold:   270        SH:  4    Dex:  9    Spells: 5/5 levels left

rFire   . . .        a - +0 war axe
rCold   . . .        c - +0 buckler
rNeg    . . .        b - +0 scale mail
rPois   .            (helmet restricted)
rElec   .            (no cloak)
rCorr   .            (no gloves)
SInv    .            (no boots)
Will    .....        (no amulet) Stlth
                     p - +4 ring of protection
HPRegen 0.29/turn    (no ring)
MPRegen 0.09/turn

%: no passive effects
@: no status effects
A: horns 2, retaliatory headbutt
a: no special abilities


You were on level 6 of the Dungeon.
You visited 1 branch of the dungeon, and saw 6 of its levels.

You collected 270 gold pieces.

Inventory:

Hand Weapons
 a - a +0 war axe (weapon)
Armour
 b - a +0 scale mail (worn)
 c - a +0 buckler (worn)
Jewellery
 p - a +4 ring of protection (left hand)
 t - a ring of flight
Wands
 j - a wand of warping (20)
 m - a wand of mindburst (17)
Scrolls
 g - 2 scrolls of immolation {unknown}
 k - 2 scrolls of teleportation {unknown}
 n - a scroll of enchant weapon {unknown}
 o - a scroll of fear {unknown}
 q - a scroll of revelation {unknown}
 r - a scroll of vulnerability {unknown}
 s - a scroll of blinking {unknown}
Potions
 d - a potion of might
 e - a potion of heal wounds {unknown}
 f - a potion of attraction {unknown}
 h - 2 potions of degeneration {unknown}
 i - a potion of mutation {unknown}
 l - a potion of brilliance {unknown}
 u - a potion of curing {unknown}


   Skills:
 + Level 4.9 Fighting
 + Level 6.1 Axes
 + Level 5.3 Armour
 + Level 1.1 Dodging
 + Level 0.5 Stealth
 + Level 4.7 Shields


You had 5 spell levels left.
You didn't know any spells.
Your spell library was empty.

Dungeon Overview and Level Annotations

Branches:
Dungeon (7/15)
 Temple: D:4-7

Altars:
Ashenzari
Makhleb
Okawaru
Ru


Innate Abilities, Weirdness & Mutations

You have a pair of horns on your head.
You reflexively headbutt those who attack you in melee.


Message History

You barely miss the ogre.
The ogre is moderately wounded.
You closely miss the adder. The adder barely misses you.
The ogre hits you with a +0 giant club! The adder bites you but does no damage.
You slash the ogre!
The ogre is severely wounded.
You slash the adder! The adder bites you but does no damage.
You block the hound's attack. The ogre barely misses you.
You closely miss the ogre. Your headbutt misses the ogre.
The ogre is severely wounded.
You hit the hound but do no damage. You closely miss the adder.
The hound bites you but does no damage. The adder bites you but does no damage.
The hound bites you. The adder bites you but does no damage.
The ogre hits you with a +0 giant club!
* * * LOW HITPOINT WARNING * * *
You slash the ogre!
You kill the ogre!
You miss the adder. You miss the hound. The hound bites you but does no damage.
The adder closely misses you. You furiously retaliate!
You headbutt the adder.
You kill the adder!
The hound bites you but does no damage.
Your Axes skill increases to level 6!
Your Dodging skill increases to level 1!
You closely miss the hound.
The hound bites you but does no damage. x2
You miss the hound. Your headbutt misses the hound.
You block the hound's attack.
You closely miss the hound. The hound bites you.
* * * LOW HITPOINT WARNING * * *
The hound barely misses you.
You hit the hound.
The hound is lightly wounded.
The hound bites you but does no damage. x2
Unknown command.
You barely miss the hound. Your headbutt misses the hound.
The hound is lightly wounded.
The hound barely misses you. The hound bites you but does no damage.
You barely miss the hound.
The hound is lightly wounded.
The hound barely misses you. The hound bites you.
You die...

...............
...............
#...........
#...>.......
#...........
#...........
#...........
#..†)h......
#...@.......
#...........
#...........
#...........
#...........
############


You could see a hound.

Vanquished Creatures
  Duvessa (D:4)
  An ogre (D:6)
  Dowan (D:4)
  A hound (D:4)
  A jelly (D:4)
  Jessica (D:3)
  An iguana (D:4)
  3 adders
  2 ufetubi (D:6)
  3 dart slugs
  6 ball pythons
  4 endoplasms
  4 giant cockroaches
  7 goblins
  5 hobgoblins
  5 quokkas
  5 bats
  3 frilled lizards
  9 kobolds
  6 rats
69 creatures vanquished.

Notes
Turn   | Place    | Note
-------+----------+-------------------------------------------
     0 | D:1      | Fodor the Minotaur Fighter began the quest for the Orb.
     0 | D:1      | Reached XP level 1. HP: 19/19 MP: 0/0
   219 | D:1      | Reached XP level 2. HP: 27/27 MP: 1/1
   902 | D:2      | Found an iron altar of Okawaru.
  1110 | D:2      | Reached XP level 3. HP: 33/33 MP: 2/2
  1636 | D:3      | Reached skill level 3 in Axes
  1817 | D:3      | Noticed Jessica
  1823 | D:3      | Killed Jessica
  1824 | D:3      | Reached XP level 4. HP: 40/40 MP: 3/3
  1886 | D:3      | Found a broken altar of Ashenzari.
  1886 | D:3      | Found a faded altar of an unknown god.
  1893 | D:3      | Found a burning altar of Makhleb.
  1897 | D:3      | Found a faded altar of an unknown god.
  1900 | D:3      | Found a sacrificial altar of Ru.
  1984 | D:4      | Reached skill level 4 in Axes
  2045 | D:4      | Reached XP level 5. HP: 26/46 MP: 4/4
  2216 | D:4      | Noticed Duvessa
  2216 | D:4      | Noticed Dowan
  2227 | D:4      | Killed Duvessa
  2228 | D:4      | Reached skill level 5 in Axes
  2232 | D:4      | Killed Dowan
  2233 | D:4      | Reached skill level 5 in Armour
  2233 | D:4      | Reached XP level 6. HP: 22/53 MP: 5/5
  2764 | D:4      | You fall into a shaft and drop 3 floors!
  2799 | D:6      | Reached skill level 6 in Axes
  2799 | D:6      | Reached skill level 1 in Dodging
  2804 | D:6      | Slain by a hound

Illustrated notes

Levels and vault maps discovered:
D:1:      lightli_arrival_farm, layout_loops_corners
D:2:      layout_basic, basic_altar
D:3:      layout_rooms, chequers_temple_overflow_minitemple, uniq_jessica
D:4:      layout_loops_corners, uniq_duvessa
D:6:      layout_gridville, minmay_temple_entry_hall
D:7:      layout_basic, serial_bayou, serial_bayou_shore_a, serial_bayou_pond_a,
          serial_bayou_lagoon_a, serial_bayou_pond_e, nicolae_underground_beach,
          uniq_joseph, uniq_crazy_yiuf_cottage, uniq_maggie, uniq_jeremiah,
          uniq_menkaure

Skill      XL: |  1  2  3  4  5  6 |
---------------+-------------------+-----
Shields        | 4 |  4.7
Armour         | 4 5 |  5.3
Fighting       | 4 |  4.9
Axes           | 3 4 5 6 |  6.1
Dodging        | 1 |  1.1
Stealth        | |  0.5

Action                     |  1- 3 |  4- 6 || total
---------------------------+-------+-------++-------
  Melee: War axe           |    90 |    70 ||   160
         Headbutt          |     8 |    14 ||    22
 Armour: Scale mail        |    71 |    78 ||   149
  Dodge: Dodged            |    44 |    34 ||    78
  Block: Buckler           |    15 |    15 ||    30

Table legend: (Time is in decaauts)
 A = Elapsed time spent in this place.
 B = Non-inter-level travel time spent in this place.
 C = Inter-level travel time spent in this place.
 D = Time resting spent in this place.
 E = Time spent auto-exploring this place.
 F = Levels seen in this place.
 G = Mean time per level.
                   A        B        C        D        E       F      G
               +--------+--------+--------+--------+--------+-----+--------+
         Total |   2893 |   2865 |     28 |      0 |   2119 |   6 |  482.2 |
       Dungeon |   2893 |   2865 |     28 |      0 |   2119 |   6 |  482.2 |
               +--------+--------+--------+--------+--------+-----+--------+

Top non-repeatable levels by time:
     D:1: 938 daAuts
     D:4: 799 daAuts
     D:2: 651 daAuts
     D:3: 461 daAuts
     D:6: 23 daAuts
     D:7: 18 daAuts
